 Dungeon Crawl Stone Soup version 0.21.1-1-g345015fe64 (webtiles) character file.

117 Dickchan the Sneak (level 5, -1/49 HPs)
             Began as a Naga Monk on Apr 25, 2018.
             Slain by an orc
             ... wielding a +0 hand axe
              (9 damage)
             ... on level 3 of the Dungeon.
             The game lasted 00:05:06 (2456 turns).

Dickchan the Sneak (Naga Monk)                      Turns: 2456, Time: 00:05:07

Health: -1/49      AC:  3    Str: 13    XL:     5   Next: 1%
Magic:  5/5        EV: 10    Int: 12    God:
Gold:   97         SH:  0    Dex: 13    Spells: 4/4 levels left

rFire    . . .     SeeInvis +     - Unarmed
rCold    . . .     Gourm    .   (no shield)
rNeg     . . .     Faith    .   a - +0 robe
rPois    +         Spirit   .   f - +0 helmet (curse)
rElec    .         Reflect  .   (no cloak)
rCorr    .         Harm     .   (no gloves)
MR       .....                  (no barding)
Stlth    +++.......             (no amulet)
HPRegen  0.16/turn              (no ring)
MPRegen  0.09/turn              (no ring)

@: drained, very slow
A: large, see invisible, deformed body, poison resistance, slowness 2, slow
metabolism 1, spit poison 1, AC +1
a: Spit Poison


You were on level 3 of the Dungeon.
You were hungry.

You visited 1 branch of the dungeon, and saw 3 of its levels.

You collected 97 gold pieces.

Inventory:

Hand Weapons
 i - a +0 short sword of draining
Armour
 a - a +0 robe (worn)
 f - a cursed +0 helmet (worn)
Scrolls
 c - a scroll of immolation {unknown}
 d - a scroll of magic mapping {unknown}
 e - a scroll of blinking {unknown}
 h - a scroll of identify {unknown}
 j - a scroll of fear {unknown}
 k - 2 scrolls of teleportation {unknown}
Potions
 g - 3 potions of curing
Comestibles
 b - 8 rations


   Skills:
 + Level 3.5(3.1) Fighting
 - Level 2.8(2.4) Dodging
 + Level 4.5(4.0) Stealth
 + Level 4.2(3.8) Unarmed Combat


You had 4 spell levels left.
You didn't know any spells.

Dungeon Overview and Level Annotations

Branches:
Dungeon (3/15)

Altars:
Ashenzari
Dithmenos


Innate Abilities, Weirdness & Mutations

You cannot wear boots.
Your serpentine skin is tough. (AC +1)
You have supernaturally acute eyesight. (SInv)
Armour fits poorly on your strangely shaped body.
Your system is resistant to poisons. (rPois)
You cover ground very slowly.
You have a slow metabolism.
You can spit poison.


Message History

The orc hits you but does no damage. The orc hits you with a mace.
* * * LOW HITPOINT WARNING * * *
Press: ? - help, Shift-Dir - straight line, f - orc
Aim: an orc, wielding a hand axe and wearing a leather armour The splash of poison hits the orc.
The orc is poisoned.
The orc is almost dead.
You feel slightly more hungry.
You kill the orc!
Unknown command.
You barely miss the orc. The orc hits you with a hand axe.
* * * LOW HITPOINT WARNING * * *
You hit the orc.
The orc is lightly wounded.
The orc completely misses you.
You hit the orc.
The orc is heavily wounded.
You have got your breath back.
The orc hits you with a hand axe!
You die...

.# .. ###
.## #..
.. #.# .#
#.###.#
#@##..#
#o##)#
#.##.##.#
#...o...#
####.####
#.# ..#
###


You could see an orc.

Vanquished Creatures
  An orc priest (D:3)
  An adder (D:2)
  2 oozes (D:1)
  3 worms (D:2)
  2 leopard geckos
  2 orcs (D:3)
  5 ball pythons
  2 giant cockroaches (D:2)
  9 goblins
  5 hobgoblins
  4 jackals (D:2)
  A quokka (D:2)
  7 bats
  2 frilled lizards (D:2)
  5 kobolds
  6 rats
57 creatures vanquished.

Notes
Turn   | Place    | Note
-------+----------+-------------------------------------------
     0 | D:1      | Dickchan the Naga Monk began the quest for the Orb.
     0 | D:1      | Reached XP level 1. HP: 21/21 MP: 1/1
   151 | D:1      | Reached XP level 2. HP: 28/28 MP: 2/2
   574 | D:1      | Reached XP level 3. HP: 28/34 MP: 3/3
  1383 | D:2      | Reached XP level 4. HP: 20/42 MP: 4/4
  1946 | D:2      | Found a shadowy altar of Dithmenos.
  2131 | D:2      | Found a shattered altar of Ashenzari.
  2445 | D:3      | Reached XP level 5. HP: 12/49 MP: 5/5
  2456 | D:3      | Slain by an orc

Skill      XL: |  1  2  3  4 |
---------------+-------------+-----
Unarmed Combat | 4 |  4.2
Stealth        | 4 |  4.5
Fighting       | |  3.5
Dodging        | |  2.8

Action                   |  1- 3 |  4- 6 || total
-------------------------+-------+-------++-------
Melee: Unarmed           |   102 |    66 ||   168
       Punch             |     2 |       ||     2
 Abil: Spit Poison       |     7 |     6 ||    13
  Use: Potion            |       |     1 ||     1
 Stab: Sleeping          |     6 |     7 ||    13
  Eat: Chunk             |     1 |     3 ||     4
Armor: Robe              |    51 |    11 ||    62
Dodge: Dodged            |    84 |    28 ||   112
